Map: Frozen Temple

Players

Phaqui

  • Race: Zerg Zerg
  • League: Master

Miszu - Winner!

  • Race: Terran Terran
  • League: Master

VOD

Have the link to the VOD?

Description

Time

  • Played on: May 2, 2016, 8:38 a.m.
  • Length: 12:10
Show
View Real Time Build Order
Export as new Build Order

Phaqui Zerg 

Build Orders: Hatch First, Muta Ling Bane 

Get SALT Encoding   

  12  0:01  Drone  
  13  0:12  Overlord  
  13  0:17  Drone  
  14  0:31  Drone x2  
  14  0:35  Drone  
  17  0:51  Hatchery  
  17  0:54  Drone  
  17  0:57  Drone  
  18  1:05  Extractor  
  17  1:13  Spawning Pool  
  17  1:15  Drone  
  17  1:19  Drone  
  18  1:28  Drone  
  19  1:39  Overlord  
  19  1:49  Drone  
  20  1:59  Queen  
  20  2:01  Zergling x2  
  23  2:03  Queen  
  23  2:04  Zergling x2  
  23  2:06  Metabolic Boost  
  26  2:11  Drone  
  26  2:14  Drone  
  28  2:22  Drone  
  29  2:25  Drone  
  30  2:37  Queen, Drone  
  30  2:44  Pneumatized Carapace  
  32  2:45  Overlord  
  32  2:47  Overlord  
  32  2:49  Drone  
  33  2:56  Drone  
  33  2:57  Drone  
  35  3:06  Drone  
  35  3:12  Drone x4  
  40  3:13  Overlord  
  40  3:14  Drone x2  
  42  3:24  Drone x2  
  44  3:35  Drone x2  
  46  3:42  Lair  
  46  3:44  Extractor  
  46  3:45  Extractor x2  
  46  3:46  Drone x4  
  46  3:48  Drone x3  
  50  3:53  Overlord  
  50  3:56  Overlord  
  50  3:58  Queen  
  52  4:09  Overlord  
  52  4:14  Drone x2  
  55  4:17  Drone x2  
  55  4:22  Hatchery  
  55  4:28  Zergling x10  
  60  4:33  Zergling x2  
  60  4:37  Baneling Nest  
  60  4:42  Spire  
  60  4:43  Zergling x2  
  60  4:44  Zergling x2  
  61  4:48  Zergling x2  
  61  4:49  Zergling x8  
  61  5:41  Drone x3  
  64  5:55  Mutalisk x6  
  64  5:56  Mutalisk x4  
  80  6:01  Drone  
  80  6:03  Overlord x2  
  80  6:04  Overlord  
  79  6:23  Queen, Drone x8  
  89  6:31  Evolution Chamber  
  89  6:32  Evolution Chamber  
  87  6:34  Mutalisk  
  87  6:35  Mutalisk x2  
  91  6:44  Zerg Flyer Weapons Level 1  
  91  6:49  Mutalisk  
  84  7:10  Mutalisk x3  
  84  7:12  Drone x12  
  101  7:38  Centrifical Hooks  
  101  7:40  Zerg Ground Armor Level 1  
  101  7:46  Zergling x10  
  102  7:59  Overseer  
  102  8:00  Overseer  
  102  8:02  Mutalisk  
  104  8:12  Overlord x4  
  104  8:14  Zerg Melee Weapons Level 1  
  104  8:15  Mutalisk  
  104  8:19  Overlord  
  106  8:20  Overlord x4  
  106  8:22  Extractor x2  
  104  8:27  Hatchery  
  101  8:53  Zergling x34  
  96  8:55  Baneling x2  
  96  8:56  Baneling x8  
  96  9:05  Zergling x2  
  96  9:06  Zergling x6  
  96  9:09  Overseer  
  100  9:20  Mutalisk  
  100  9:21  Mutalisk x3  
  108  9:43  Drone x7  
  108  9:44  Drone x6  
  121  9:52  Zerg Ground Armor Level 2  
  121  9:54  Zerg Flyer Weapons Level 2  
  121  10:02  Zergling x14  
  103  10:17  Mutalisk  
  103  10:18  Mutalisk x4  
  105  10:25  Zergling x4  
  105  10:26  Zergling x6  
  105  10:27  Baneling x5  
  105  10:28  Baneling x4  
  110  10:31  Extractor  
  110  10:32  Baneling x2  
  110  10:34  Extractor, Zergling x12  
  106  10:51  Zergling x2  
  106  10:52  Zergling x12  
  106  10:53  Overseer  
  101  11:05  Baneling x12  
  101  11:06  Zergling x18, Baneling x6  
  101  11:07  Zergling x6  
  102  11:21  Zergling x6  
  102  11:22  Zergling x18  
  94  11:29  Zergling x8  
  94  11:30  Zergling x8  
  96  11:44  Hatchery  
Show
View Real Time Build Order
Export as new Build Order

Miszu Terran - Winner!

Build Orders: Liberator Opening, Reaper Expand, MMM Bio 

Get SALT Encoding   

  12  0:01  SCV  
  13  0:13  SCV  
  14  0:18  Supply Depot  
  14  0:25  SCV  
  15  0:39  SCV  
  15  0:40  Barracks  
  16  0:46  Refinery  
  16  0:51  SCV  
  17  1:03  SCV  
  18  1:15  SCV  
  19  1:28  Orbital Command  
  19  1:31  Reaper  
  20  1:43  Command Center  
  20  1:53  Supply Depot  
  20  1:56  SCV  
  21  2:02  Marine  
  21  2:04  Refinery  
  22  2:09  SCV  
  23  2:17  Factory  
  23  2:21  SCV  
  24  2:33  SCV  
  24  2:42  Barracks Reactor  
  24  2:45  SCV  
  24  2:48  Bunker  
  25  2:54  Orbital Command  
  25  2:57  SCV  
  26  3:01  Barracks  
  26  3:03  Starport  
  26  3:09  SCV, Factory Tech Lab  
  27  3:18  Marine x2  
  29  3:20  SCV  
  29  3:21  SCV  
  29  3:24  Liberator  
  31  3:29  Siege Tank  
  31  3:32  SCV  
  31  3:33  SCV  
  39  3:43  Supply Depot  
  39  3:45  Marine, SCV x2  
  42  3:57  SCV  
  42  3:58  SCV  
  44  4:05  Siege Tank  
  44  4:09  SCV  
  48  4:10  SCV  
  48  4:11  Command Center  
  48  4:13  Liberator  
  49  4:17  Supply Depot  
  49  4:21  SCV  
  49  4:23  Refinery x2  
  50  4:26  SCV  
  54  4:34  Barracks  
  54  4:36  Barracks  
  54  4:38  SCV x2  
  56  4:50  SCV x2  
  58  4:53  Marine  
  59  5:03  SCV  
  60  5:07  Engineering Bay x2  
  60  5:09  SCV  
  60  5:12  Supply Depot  
  61  5:15  SCV  
  61  5:20  Starport Reactor  
  62  5:24  SCV  
  47  5:28  Orbital Command  
  63  5:29  Barracks Tech Lab x2, SCV  
  64  5:36  SCV  
  64  5:37  Barracks  
  64  5:38  Barracks  
  64  5:41  SCV  
  64  5:42  Marine  
  66  5:43  Marine  
  66  5:44  Terran Infantry Weapons Level 1, Terran Infantry Armor Level 1  
  66  5:48  SCV  
  66  5:49  Supply Depot, Marine  
  70  5:51  Marine  
  70  5:52  Combat Shields  
  70  5:53  Stimpack  
  70  5:54  Orbital Command  
  71  6:00  Marine  
  71  6:03  Medivac x2  
  76  6:07  SCV x2  
  78  6:13  Marine  
  78  6:14  Marine x2  
  78  6:15  Factory Reactor  
  78  6:17  Supply Depot  
  78  6:18  Supply Depot, Marine  
  78  6:19  SCV x2  
  78  6:24  Missile Turret  
  78  6:25  Missile Turret  
  78  6:29  Barracks Reactor x2  
  78  6:31  Marine, SCV x2  
  82  6:34  Missile Turret  
  81  6:43  Marine x3, SCV  
  85  6:47  SCV, Armory  
  85  6:49  Marine  
  87  6:55  SCV  
  87  7:01  Marine  
  86  7:02  Marine x2  
  86  7:03  Widow Mine x2  
  86  7:07  Marine  
  79  7:19  Marine x2  
  79  7:21  Marine x4  
  79  7:22  Marine  
  82  7:25  Marine  
  81  7:37  Marine x2  
  77  7:38  Medivac x2, Widow Mine x2  
  77  7:39  Marine x5  
  77  7:42  Supply Depot, Orbital Command  
  77  7:43  Marine  
  93  7:45  Supply Depot, SCV x2  
  95  7:51  Liberator x2  
  95  7:54  Marine  
  95  7:57  SCV  
  98  8:03  SCV  
  99  8:09  SCV  
  99  8:10  SCV  
  107  8:14  Terran Infantry Armor Level 2, Terran Infantry Weapons Level 2  
  107  8:15  SCV  
  107  8:21  SCV, Widow Mine  
  107  8:22  SCV  
  107  8:45  Supply Depot  
  107  8:46  Supply Depot  
  107  8:47  Supply Depot  
  106  8:50  Liberator x2  
  99  8:59  Concussive Shells  
  99  9:05  Supply Depot  
  99  9:06  Supply Depot  
  99  9:07  Marine x4  
  99  9:08  Marine x2, Widow Mine  
  99  9:09  Marauder x2  
  117  9:18  Starport  
  117  9:19  Barracks  
  117  9:21  Barracks  
  117  9:22  Barracks  
  117  9:27  Bunker, Marine x6, SCV x2, Missile Turret  
  117  9:28  SCV  
  117  9:30  Marauder x2  
  130  9:33  Liberator  
  130  9:36  Supply Depot  
  130  9:37  Supply Depot  
  130  9:39  SCV x2  
  130  9:41  Liberator  
  130  9:45  Marine x2, Refinery, Widow Mine x2  
  141  9:55  Missile Turret  
  141  9:57  Command Center  
  141  9:59  Missile Turret x2  
  144  10:04  Marauder  
  144  10:05  Starport Reactor  
  136  10:18  Marine x4  
  136  10:19  Marine x3  
  137  10:25  Marine  
  138  10:32  Barracks Tech Lab x2  
  135  10:37  Marauder  
  137  10:43  Marauder  
  141  10:57  Marauder  
  141  11:00  Marine x8, Marauder  
  144  11:04  Marine  
  145  11:18  Marine x8  
  146  11:19  Marauder  
  146  11:22  Marauder  
  141  11:28  Marauder  
  134  11:35  Marine  
  134  11:36  Marine x7  
  138  11:40  Marine  
  138  11:42  Marine  
  140  11:49  Marine  
Tags
 
Add a new tag
Caveats
  • Supply blocks, unpowered buildings, or Contaminate may cause inaccurate times.
  • Supply counts are checked every 10 seconds.